 Dungeon Crawl Stone Soup version 0.24.0-13-gcf9b3192b9 (webtiles) character file.

Game seed: 18160806891324478602, levelgen mode: deterministic

193504 DarthUnicorn the Warrior (level 18, -13/193 HPs)
             Began as an Ogre Skald on Nov 7, 2019.
             Was the Champion of the Shining One.
             Mangled by a wolf spider (20 damage)
             ... on level 3 of the Spider Nest.
             The game lasted 03:25:40 (26714 turns).

DarthUnicorn the Warrior (Ogre Skald)              Turns: 26714, Time: 03:25:40

Health: -13/193    AC: 12    Str: 24    XL:     18   Next: 27%
Magic:  33/37      EV: 17    Int: 14    God:    the Shining One [******]
Gold:   2808       SH:  0    Dex: 10    Spells: 20/47 levels left

rFire    + . .     SeeInvis .   B - +8 giant club (crush)
rCold    . . .     Gourm    .   (shield currently unavailable)
rNeg     + + +     Faith    .   b - +0 swamp dragon scales
rPois    +         Spirit   .   (helmet restricted)
rElec    .         Reflect  .   y - +0 cloak
rCorr    .         Harm     .   (gloves unavailable)
MR       ++...                  (boots unavailable)
Stlth    ..........             e - amulet of regeneration
HPRegen  0.82/turn              x - ring of protection from fire
MPRegen  0.25/turn              E - +4 ring of evasion

@: about to teleport, hasted, glowing, very quick
A: large, unfitting armour, magic resistance 1, tough skin 1, MP-powered wands
}: 1/15 runes: decaying
a: Divine Shield, Cleansing Flame, Summon Divine Warrior, Brand Weapon With Holy
Wrath, Renounce Religion


You were on level 3 of the Spider Nest.
You worshipped the Shining One.
The Shining One was exalted by your worship.
You were not hungry.

You visited 6 branches of the dungeon, and saw 31 of its levels.
You also visited: Ossuary.

You collected 2951 gold pieces.
You spent 143 gold pieces at shops.

Inventory:

Hand Weapons
 a - a +0 giant spiked club
 B - a +8 giant club of crushing (weapon)
Missiles
 n - 135 poisoned darts
 p - 4 datura-tipped darts
 w - 14 large rocks (quivered)
 z - 10 curare-tipped darts
 W - 4 throwing nets
Armour
 b - +0 swamp dragon scales (worn)
 y - a +0 cloak (worn)
 O - the +9 scales of the Dragon King {rPois rF+ rC+ MR+}
   (You acquired it on level 6 of the Lair of Beasts)

   It protects you from fire.
   It protects you from cold.
   It protects you from poison.
   It affects your resistance to hostile enchantments.
Jewellery
 e - an amulet of regeneration (around neck)
 g - an uncursed amulet of faith
 t - an uncursed ring of flight
 v - an uncursed ring of protection from cold
 x - a ring of protection from fire (left hand)
 C - an uncursed ring of protection from magic
 E - a +4 ring of evasion (right hand)
 Q - the ring "Fafewk" {MP+9 Str+7}
   (You found it on level 1 of the Spider Nest)

   [ring of magical power]

   It affects your strength (+7).
   It affects your magic capacity (+9).
Wands
 j - a wand of disintegration (19)
 u - a wand of iceblast (17)
 D - a wand of acid (13)
 I - a wand of enslavement (19)
 N - a wand of flame (98)
 U - a wand of digging (9)
Scrolls
 i - 2 scrolls of brand weapon
 l - 6 scrolls of fear
 m - 3 scrolls of teleportation
 q - 6 scrolls of fog
 r - 4 scrolls of enchant weapon
 F - 7 scrolls of amnesia
 G - 6 scrolls of immolation
 H - 3 scrolls of holy word
 M - 10 scrolls of magic mapping
 P - 3 scrolls of identify
 R - 6 scrolls of enchant armour
 V - 12 scrolls of remove curse
Potions
 f - 4 potions of magic
 h - 8 potions of curing
 k - 2 potions of agility
 o - 6 potions of brilliance
 s - 2 potions of mutation
 A - 5 potions of resistance
 J - 6 potions of haste
 K - 7 potions of berserk rage
 L - 2 potions of ambrosia
 S - a potion of heal wounds
 T - a potion of might
 Y - 2 potions of flight
Miscellaneous
 c - a lightning rod (4/4)
Comestibles
 d - 62 rations
 X - 2 chunks of flesh


   Skills:
 + Level 15.3 Fighting
 - Level 15.2 Maces & Flails
 * Level 10.5 Armour
 + Level 10.6 Dodging
 + Level 15.0 Spellcasting
 - Level 2.2 Hexes
 + Level 11.7 Charms
 + Level 3.3 Summonings
 + Level 0.3 Invocations
 - Level 1.6 Evocations


You had 20 spell levels left.
You knew the following spells:

 Your Spells              Type           Power        Failure   Level  Hunger
a - Infusion              Chrm           ####         1%          1    None
b - Song of Slaying       Chrm           #####...     1%          2    None
c - Shroud of Golubria    Chrm/Tloc      ####..       1%          2    None
d - Spectral Weapon       Hex/Chrm       ####....     1%          3    None
e - Call Canine Familiar  Summ           ###.....     7%          3    None
f - Summon Mana Viper     Hex/Summ       ###.....     61%         5    ####...
g - Aura of Abjuration    Summ           ###.......   52%         5    ####...
h - Shadow Creatures      Summ           N/A          98%         6    ######.

Your spell library contained the following spells:

 Spells                   Type           Power        Failure   Level  Hunger
 Summon Butterflies       Summ           ###.....     2%          1    None
 Summon Small Mammal      Summ           ###.         2%          1    None
 Regeneration             Chrm/Necr      ####......   2%          3    None
 Confusing Touch          Hex            ###...       3%          1    None
 Call Imp                 Summ           ###.....     3%          2    None
 Sandblast                Erth           ##....       9%          1    None
 Sting                    Conj/Pois      ##..         9%          1    None
 Summon Guardian Golem    Hex/Summ       ###.....     9%          3    None
 Confuse                  Hex            ###.....     11%         3    None
 Passwall                 Tmut/Erth      ##......     13%         2    None
 Poisonous Vapours        Pois/Air       ##....       13%         2    None
 Recall                   Summ/Tloc      N/A          13%         3    None
 Portal Projectile        Hex/Tloc       ##....       17%         3    None
 Conjure Flame            Conj/Fire      ##......     26%         3    None
 Gell's Gravitas          Tloc           ##........   26%         3    None
 Mephitic Cloud           Conj/Pois/Air  ##......     26%         3    None
 Static Discharge         Conj/Air       ##......     26%         3    None
 Stone Arrow              Conj/Erth      ##....       26%         3    None
 Cause Fear               Hex            ###.......   34%         4    ##.....
 Summon Ice Beast         Ice/Summ       ###.....     41%         4    ##.....
 Summon Lightning Spire   Summ/Air       ###.....     41%         4    ##.....
 Summon Demon             Summ           ###.......   52%         5    ####...
 Force Lance              Conj/Tloc      ##......     65%         4    ##.....
 Ice Form                 Ice/Tmut       ##......     65%         4    ##.....
 Petrify                  Tmut/Erth      ##......     65%         4    ##.....
 Summon Forest            Summ/Tloc      ###.......   77%         5    ####...
 Deflect Missiles         Chrm/Air       ####......   77%         6    ######.
 Metabolic Englaciation   Hex/Ice        ##........   83%         5    ####...
 Silence                  Hex/Air        ##........   83%         5    ####...
 Yara's Violent Unravell  Hex/Tmut       ##........   83%         5    ####...
 Lee's Rapid Deconstruct  Erth           ##........   94%         5    ####...
 Bolt of Cold             Conj/Ice       ##........   100%        6    ######.
 Conjure Ball Lightning   Conj/Air       ##........   100%        6    ######.
 Dispersal                Tloc           ##........   100%        6    ######.
 Freezing Cloud           Conj/Ice/Air   ##........   100%        6    ######.
 Ozocubu's Refrigeration  Ice            ##........   100%        6    ######.
 Simulacrum               Ice/Necr       ##........   100%        6    ######.
 Ring of Flames           Chrm/Fire      ####......   100%        7    #######
 Summon Hydra             Summ           ###.......   100%        7    #######
 Controlled Blink         Tloc           N/A          100%        8    #######
 Discord                  Hex            ###.......   100%        8    #######
 Disjunction              Tloc           ##........   100%        8    #######


Dungeon Overview and Level Annotations

Branches:
Dungeon (15/15)            Temple (1/1) D:5            Lair (6/6) D:11
  Swamp (4/4) Lair:2       Spider (3/4) Lair:2        Slime (0/5) Lair:6
    Orc (2/2) D:11            Elf (0/3) Orc:2        Vaults (0/5) D:13
 Depths (0/5) D:15        Ossuary (visited)

Altars:
Ashenzari
Cheibriados
Dithmenos
Elyvilon
Fedhas
Gozag
Kikubaaqudgha
Makhleb
Nemelex Xobeh
Okawaru
Ru
Sif Muna
Uskayaw
Vehumet
Wu Jian
Xom
Yredelemnul
The Shining One
Beogh

Shops:
D:4 *   D:15 =   Orc:2 (=([

Annotations:
D:4 3 runed translucent doors, RandomHacker's ghost, amateur MiBe


Innate Abilities, Weirdness & Mutations

You are too large for most types of armour.
You have tough skin. (AC +1)
You are resistant to hostile enchantments. (MR+)
You expend magic power (3 MP) to strengthen your wands.


Message History

Unknown command.
The wolf spider hits you!!
* * * LOW HITPOINT WARNING * * *
The wolf spider barely misses you.
Unknown command.
The wolf spider hits you but does no damage.
The wolf spider bites you!
* * * LOW HITPOINT WARNING * * *
Unknown command.
Unknown command.
As you read the scroll of teleportation, it crumbles to dust.
You feel strangely unstable. The wolf spider hits you!
* * * LOW HITPOINT WARNING * * *
The wolf spider bites you!
* * * LOW HITPOINT WARNING * * *
The wolf spider closely misses you. The wolf spider bites you.
* * * LOW HITPOINT WARNING * * *
The moth of wrath closely misses your spectral weapon.
The wolf spider hits you!!
You die...

.>............(..................
.................................
.................................
......^..........................
......................(..........
.........^..............^......##
.................................
.^..............................#
...........^...s@................
............^..(s..........(.....
...........^.sy..........^......(
........^.##..^##################
......^...###s## .^........# 8^8
..........##^^.# ......^...##....
..........##.8...


You could see 4 wolf spiders, a moth of wrath and a friendly spectral +8 giant
club of crushing.

Vanquished Creatures
  The ghost of Thantalas the Blocker, an adept GnFi of Cheibriados (Spider:1)
  Frances (Swamp:1)
  A sphinx (D:12)
  A tengu reaver (D:12)
  3 thorn hunters
  A frost giant (D:12)
  An orc warlord (Orc:2)
  3 entropy weavers
  Azrael (Spider:3)
  Snorg (Lair:6)
  Josephine (Spider:1)
  The ghost of Rysukh the Devastator, a journeyman DEFE of Vehumet (Lair:4)
  A yaktaur captain (D:13)
  4 vault guards
  A merfolk avatar (Lair:6)
  Erolcha (D:12)
  A rakshasa (D:15)
  19 hydras
  2 ghost crabs (Swamp:3)
  Harold (D:11)
  An alligator snapping turtle (D:13)
  6 centaur warriors
  2 shambling mangroves
  A satyr (shapeshifter) (D:13)
  5 death yaks
  An ogre mage (D:15)
  6 two-headed ogres
  19 alligators
  An orc high priest (Orc:2)
  A dancing weapon (Spider:1)
  Nergalle (D:12)
  2 sea snakes (Lair:6)
  2 unseen horrors
  2 wizards (D:15)
  2 spriggan druids
  14 swamp dragons
  A deep elf mage (D:13)
  3 lindwurms
  4 orc knights
  A harpy (Lair:6)
  23 wolf spiders
  12 orb spiders
  11 ugly things
  5 cyclopes
  5 orc sorcerers
  A manticore (Lair:6)
  2 moths of wrath
  Joseph (Lair:1)
  Maurice (D:11)
  An elephant (Lair:6)
  A naga mage (D:15)
  3 black mambas
  18 spiny frogs
  3 gargoyles
  An efreet (D:13)
  A kobold demonologist (D:13)
  11 komodo dragons
  10 demonic crawlers
  2 tengu conjurers (D:13)
  A freezing wraith (D:15)
  6 rime drakes
  3 trolls
  2 wind drakes (Lair:6)
  23 jumping spiders
  3 polar bears (Lair:6)
  9 tyrant leeches
  9 hippogriffs
  A raiju (Lair:6)
  19 slime creatures
  3 dream sheep
  11 hornets
  23 blink frogs
  12 bog bodies
  Sigmund (D:4)
  29 redbacks
  7 spriggans
  6 wraiths
  A wyvern (Lair:6)
  11 tarantellas
  2 fire bats (Lair:2)
  2 shadows
  A hog (Lair:4)
  39 yaks
  4 basilisks
  A golden eye (Lair:4)
  8 fire elementals
  2 hungry ghosts
  A steam dragon (Lair:4)
  13 vampire mosquitoes
  5 insubstantial wisps (Swamp:3)
  14 swamp worms
  11 water moccasins
  4 wargs
  An acid dragon (D:15)
  8 porcupines
  2 hell hounds (Spider:3)
  17 swamp drakes
  2 ice beasts
  5 black bears
  4 sky beasts
  32 orc warriors
  4 phantoms
  5 necrophages (Swamp:3)
  15 ogres
  11 centaurs
  15 wolves
  14 crocodiles
  5 big kobolds
  3 elf zombies (Ossuary)
  18 bullfrogs
  2 wyvern skeletons
  5 scorpions
  11 killer bees
  11 howler monkeys
  3 electric eels
  9 crimson imps
  4 centaur zombies (Ossuary)
  A lava snake (Lair:2)
  5 jellies
  2 bullfrog zombies (D:13)
  5 hounds
  5 human zombies (Ossuary)
  25 orc priests
  2 bullfrog skeletons
  6 centaur skeletons
  A gnoll shaman (D:4)
  An iguana (D:9)
  5 worker ants
  29 orc wizards
  A killer bee zombie (D:9)
  4 mummies
  A hound skeleton (D:10)
  A worker ant zombie (D:10)
  13 gnolls
  15 adders
  A shadow imp (D:9)
  3 adder skeletons
  7 worms
  A dart slug (D:1)
  6 leopard geckos
  82 orcs
  2 ball pythons
  9 giant cockroaches
  16 goblins
  7 hobgoblins
  7 jackals (D:11)
  5 quokkas
  6 bats
  7 frilled lizards
  15 kobolds
  2 leopard gecko skeletons
  A quokka zombie (D:5)
  7 rats
  A butterfly (Lair:6)
  A plant (Lair:6)
  A spectral weapon (Lair:4)
1035 creatures vanquished.

Vanquished Creatures (collateral kills)
  A water moccasin (Lair:2)
  A porcupine (Lair:4)
  4 orcs
  A butterfly (Lair:6)
7 creatures vanquished.

Vanquished Creatures (others)
  2 orb spiders (Spider:3)
  A jumping spider (Spider:3)
  An orc priest (D:4)
  2 briar patches (Swamp:4)
  3 plants (Lair:6)
  55 spectral weapons
64 creatures vanquished.

Grand Total: 1106 creatures vanquished

Notes
Turn   | Place    | Note
-------+----------+-------------------------------------------
     0 | D:1      | DarthUnicorn the Ogre Skald began the quest for the Orb.
     0 | D:1      | Reached XP level 1. HP: 22/22 MP: 3/3
   182 | D:1      | Reached XP level 2. HP: 26/29 MP: 0/5
   344 | D:1      | Learned a level 2 spell: Song of Slaying
   374 | D:1      | Learned a level 2 spell: Shroud of Golubria
   549 | D:1      | Reached XP level 3. HP: 33/36 MP: 6/6
  1154 | D:3      | Reached XP level 4. HP: 41/45 MP: 4/8
  1545 | D:3      | Learned a level 3 spell: Spectral Weapon
  1909 | D:2      | Reached XP level 5. HP: 24/53 MP: 5/9
  2170 | D:4      | Found Naroptusm's General Store.
  2176 | D:4      | Bought a potion of curing for 33 gold pieces
  2176 | D:4      | Bought a potion of resistance for 110 gold pieces
  2234 | D:4      | Noticed an ogre
  2246 | D:4      | HP: 2/53 [orc priest (2)]
  2398 | D:3      | Killed an ogre
  2398 | D:3      | Reached XP level 6. HP: 29/62 MP: 4/11
  2749 | D:4      | Reached XP level 7. HP: 66/71 MP: 1/12
  2828 | D:4      | Noticed a hippogriff
  2845 | D:4      | Killed a hippogriff
  2890 | D:4      | Found a shadowy altar of Dithmenos.
  2903 | D:4      | Reached skill level 5 in Fighting
  2903 | D:4      | Reached skill level 1 in Hexes
  3215 | D:4      | Noticed Sigmund
  3234 | D:4      | Killed Sigmund
  3234 | D:4      | Reached skill level 5 in Spellcasting
  3234 | D:4      | Reached XP level 8. HP: 80/80 MP: 9/15
  3317 | D:4      | Reached skill level 5 in Maces & Flails
  3329 | D:4      | Found a runed translucent gate.
  3330 | D:4      | Found a runed translucent gate.
  3330 | D:4      | Found a runed translucent gate.
  3333 | D:4      | Noticed RandomHacker's ghost (amateur MiBe)
  3489 | D:5      | Entered Level 5 of the Dungeon
  3528 | D:5      | Found a blossoming altar of Fedhas.
  3668 | D:5      | Found a sand-covered staircase.
  3690 | Ossuary  | Entered an ossuary
  3857 | Ossuary  | Reached XP level 9. HP: 89/89 MP: 3/18
  4011 | D:5      | Reached skill level 5 in Charms
  4511 | D:5      | Found a staircase to the Ecumenical Temple.
  4523 | Temple   | Entered the Ecumenical Temple
  4557 | Temple   | Became a worshipper of the Shining One
  5994 | D:8      | Reached XP level 10. HP: 94/100 MP: 16/21
  5995 | D:8      | Reached * piety under the Shining One
  6879 | D:9      | Reached skill level 5 in Dodging
  7108 | D:9      | Identified the Catalogue of the Birds and Poison
  7201 | D:9      | Reached ** piety under the Shining One
  7359 | D:10     | Entered Level 10 of the Dungeon
  7466 | D:10     | Noticed a gargoyle
  7483 | D:10     | Killed a gargoyle
  7494 | D:10     | Noticed an unseen horror
  7512 | D:10     | Killed an unseen horror
  7512 | D:10     | Reached XP level 11. HP: 71/110 MP: 10/24
  7785 | D:10     | Found a sacrificial altar of Ru.
  8021 | D:11     | Noticed Harold
  8040 | D:11     | Killed Harold
  8182 | D:11     | Noticed Maurice
  8206 | D:11     | Killed Maurice
  8234 | D:11     | Found a staircase to the Lair.
  8345 | D:11     | Reached skill level 10 in Spellcasting
  8638 | D:11     | Found a staircase to the Orcish Mines.
  8682 | D:11     | Reached *** piety under the Shining One
  9242 | D:12     | Reached skill level 1 in Armour
  9271 | D:12     | Noticed Erolcha
  9291 | D:12     | Killed Erolcha
  9385 | D:12     | Noticed a tengu reaver
  9385 | D:12     | Noticed a sphinx
  9396 | D:12     | Killed a sphinx
  9396 | D:12     | Reached skill level 10 in Maces & Flails
  9396 | D:12     | Reached XP level 12. HP: 123/123 MP: 21/26
  9406 | D:12     | Noticed a frost giant
  9462 | D:12     | Noticed Nergalle
  9791 | D:12     | Killed Nergalle
 10080 | D:12     | HP: 2/123 [acid (15)]
 10274 | D:12     | Killed a tengu reaver
 10394 | D:12     | Killed a frost giant
 10527 | D:13     | Noticed a centaur warrior
 10637 | D:13     | Killed a centaur warrior
 10695 | D:13     | Noticed a centaur warrior
 10707 | D:13     | Killed a centaur warrior
 10734 | D:13     | Noticed a six-headed hydra
 10804 | D:13     | Found a large runed translucent door.
 10804 | D:13     | Found a large runed translucent door.
 11082 | D:13     | Reached skill level 1 in Evocations
 11100 | D:13     | Noticed a centaur warrior
 11107 | D:13     | Killed a centaur warrior
 11173 | D:13     | Reached XP level 13. HP: 132/132 MP: 22/28
 11454 | D:13     | Found a shattered altar of Ashenzari.
 11454 | D:13     | Noticed a yaktaur captain
 11461 | D:13     | Killed a yaktaur captain
 11479 | D:13     | Found an iron altar of Okawaru.
 11553 | D:13     | Noticed a vault guard
 11553 | D:13     | Noticed a vault guard
 11577 | D:12     | Killed a vault guard
 11598 | D:13     | Killed a vault guard
 11624 | D:13     | Found a gate to the Vaults.
 11624 | D:13     | Reached **** piety under the Shining One
 11626 | D:13     | Noticed a vault guard
 11631 | D:13     | Noticed a vault guard
 11664 | D:12     | Killed a vault guard
 11664 | D:12     | Reached skill level 10 in Fighting
 11707 | D:13     | Killed a vault guard
 12370 | D:14     | Found a shimmering altar of Xom.
 12377 | D:14     | Found a shimmering altar of Xom.
 12377 | D:14     | Found a shimmering altar of Xom.
 12384 | D:14     | Found a shimmering altar of Xom.
 12533 | D:15     | Entered Level 15 of the Dungeon
 12533 | D:15     | Found Homick's Jewellery Boutique.
 12752 | D:15     | Reached skill level 5 in Armour
 12776 | D:15     | Found a staircase to the Depths.
 12801 | D:15     | Reached XP level 14. HP: 101/144 MP: 24/30
 13133 | D:15     | Reached ***** piety under the Shining One
 14037 | Lair:1   | Entered Level 1 of the Lair of Beasts
 14088 | Lair:1   | Reached skill level 10 in Charms
 14158 | Lair:1   | HP: 7/146 [eight-headed hydra (7)]
 14538 | Lair:1   | Noticed Joseph
 14554 | Lair:1   | Killed Joseph
 15115 | Lair:2   | Found a hole to the Spider Nest.
 15262 | Lair:2   | Learned a level 3 spell: Call Canine Familiar
 15268 | Lair:2   | Learned a level 5 spell: Summon Mana Viper
 15274 | Lair:2   | Learned a level 5 spell: Aura of Abjuration
 15281 | Lair:2   | Learned a level 6 spell: Shadow Creatures
 15414 | Lair:2   | Found a staircase to the Swamp.
 15895 | Lair:3   | Reached ****** piety under the Shining One
 15913 | Lair:3   | Reached XP level 15. HP: 146/154 MP: 16/31
 16130 | Lair:4   | Reached skill level 1 in Summonings
 16417 | Lair:4   | Found a shadowy altar of Dithmenos.
 16447 | Lair:4   | Noticed Rysukh's ghost (journeyman DEFE)
 16450 | Lair:4   | Found a runed translucent door.
 16541 | Lair:4   | Killed Rysukh's ghost
 17027 | Lair:6   | Entered Level 6 of the Lair of Beasts
 17187 | Lair:6   | Noticed Snorg
 17208 | Lair:6   | Killed Snorg
 17258 | Lair:6   | Found a staircase to the Slime Pits.
 17952 | Lair:6   | Identified a scroll of acquirement
 17968 | Lair:6   | Found the +9 scales of the Dragon King {rPois rF+ rC+ MR+}
 18204 | Orc:1    | Entered Level 1 of the Orcish Mines
 18339 | Orc:2    | Entered Level 2 of the Orcish Mines
 18650 | Orc:2    | Found a roughly hewn altar of Beogh.
 18658 | Orc:2    | Found Qocebre's Weapon Emporium.
 18821 | Orc:2    | Found a roughly hewn altar of Beogh.
 18912 | Orc:2    | Found a staircase to the Elven Halls.
 18939 | Orc:2    | Found a roughly hewn altar of Beogh.
 18970 | Orc:2    | Found Faugyte's Jewellery Boutique.
 19091 | Orc:2    | Found a roughly hewn altar of Beogh.
 19208 | Orc:2    | Found a roughly hewn altar of Beogh.
 19963 | Orc:2    | Noticed an orc warlord
 19973 | Orc:2    | Killed an orc warlord
 19973 | Orc:2    | Reached XP level 16. HP: 116/165 MP: 15/33
 19975 | Orc:2    | Found Siuq's Antique Weapon Emporium.
 19979 | Orc:2    | Found a roughly hewn altar of Beogh.
 19983 | Orc:2    | Found Wuqu's Antique Armour Shoppe.
 20225 | Swamp:1  | Entered Level 1 of the Swamp
 20342 | Swamp:1  | Paralysed by a hornet for 2 turns
 20977 | Swamp:1  | Noticed Frances
 20989 | Swamp:1  | Killed Frances
 21271 | Swamp:1  | Gained mutation: You are resistant to hostile enchantments.
                  | (MR+) [potion of mutation]
 21271 | Swamp:1  | Gained mutation: You expend magic power (3 MP) to
                  | strengthen your wands. [potion of mutation]
 21609 | Swamp:2  | Paralysed by a hornet for 2 turns
 22662 | Swamp:3  | Noticed a thorn hunter
 22670 | Swamp:3  | Killed a thorn hunter
 23084 | Swamp:4  | Entered Level 4 of the Swamp
 23110 | Swamp:4  | Noticed a thorn hunter
 23222 | Swamp:4  | Reached XP level 17. HP: 178/178 MP: 32/34
 23224 | Swamp:4  | Reached skill level 15 in Maces & Flails
 23673 | Swamp:4  | Reached skill level 10 in Dodging
 24126 | Swamp:4  | Got a decaying rune of Zot
 24329 | Spider:1 | Entered Level 1 of the Spider Nest
 24452 | Spider:1 | Noticed Josephine
 24473 | Spider:1 | Killed Josephine
 24483 | Spider:1 | Reached skill level 10 in Armour
 24609 | Spider:1 | Found a runed translucent door.
 24609 | Spider:1 | Found a shimmering altar of Xom.
 24609 | Spider:1 | Noticed Thantalas's ghost (adept GnFi)
 24666 | Spider:1 | Got a fine iron ring
 24668 | Spider:1 | Identified the ring "Fafewk" {MP+9 Str+7} (You found it on
                  | level 1 of the Spider Nest)
 24723 | Spider:1 | Killed Thantalas's ghost
 25355 | Spider:2 | Reached skill level 15 in Fighting
 25355 | Spider:2 | Reached XP level 18. HP: 173/193 MP: 36/36
 25798 | Spider:3 | Noticed Azrael
 25820 | Spider:3 | Killed Azrael
 25943 | Spider:2 | HP: 9/193 [poisoned by a redback]
 25943 | Spider:2 | HP: 4/193 [demonic crawler (5)]
 26269 | Spider:3 | Reached skill level 15 in Spellcasting
 26714 | Spider:3 | HP: 7/193 [wolf spider (3)]
 26714 | Spider:3 | Mangled by a wolf spider

Levels and vault maps discovered:
D:1:      scummos_arrival_forest, layout_basic, roderic_serpentine_path
D:2:      layout_rooms
D:3:      layout_basic
D:4:      cheibrodos_barr_body, layout_loops_corners, serial_shops, shop,
          first_ration, gammafunk_ghost_necromancy,
          nicolae_dithmenos_shadow_blocks, uniq_sigmund
D:5:      layout_basic, fedhas_altar_2, minmay_temple_entry_proselytizer,
          gup_ossuary_entry_pyramid, minmay_crossroads
D:6:      layout_rooms
D:7:      layout_layer_cave
D:8:      layout_cave_pods
D:9:      layout_small_grid
D:10:     layout_loops_ring, basic_altar
D:11:     layout_stronghold, lair_entry_dummy, david_orc_1_choice, uniq_harold,
          uniq_maurice
D:12:     minmay_glassy_protrusions, layout_loops_ring, uniq_erolcha,
          uniq_nergalle
D:13:     layout_roguey, lightli_vaults_fourway_checkpoint, hangedman_ranch
          [blue_anna_fruit_fields], jmf_multi_god_temple2
D:14:     layout_cave_pools, hangedman_abyss_or_decor_slice, xom_redecorated
D:15:     grunt_enter_depths_magical_seal, layout_cave_pods, serial_shops, shop,
          hangedman_abyss_or_decor_jellyfish_corner
Temple:   kilobyte_greek_temple
Lair:1:   layout_cave_pods, chequers_serial_rivers_room_a, uniq_joseph
Lair:2:   layout_gridlike, skrybe_swamp_entry_bodies, spider_nest_entry_rubble
Lair:3:   layout_concentric_octagons, chequers_serial_rivers_micro_d
Lair:4:   layout_hall_layers, basic_altar, hellmonk_ghost_happy_afterlife
Lair:5:   layout_concentric_octagons, chequers_serial_rivers_small_3
Lair:6:   gammafunk_lair_ancient_temple, layout_hall_layers,
          dpeg_slime_entry_corner, lemuel_fruit_fields, uniq_snorg
Swamp:1:  layout_basic_swamp, hangedman_swamp_pad, nicolae_swamp_round_clearing,
          infiniplex_staircase_pool, uniq_frances
Swamp:2:  layout_basic_swamp, evilmike_swamp_ruin_house_2
Swamp:3:  layout_basic_swamp, evilmike_swamp_ruin_rubble_2, swamp_pool5,
          roderic_carrion_pond
Swamp:4:  swamp_alternative, layout_basic_swamp
Spider:1: layout_spider_delve, ebering_ghost_xom, drop_trap, uniq_josephine
Spider:2: layout_spider_delve
Spider:3: nicolae_spider_hall_of_the_moth_king,
          hangedman_spider_tarantella_strand, uniq_azrael
Orc:1:    layout_caves
Orc:2:    grunt_orc_community_town_hall, layout_diamond_mine,
          grunt_orc_community_big_house_2, grunt_orc_community_big_house_1,
          grunt_orc_community_house_1, grunt_orc_community_house_3,
          grunt_orc_community_house_2, grunt_orc_community_house_1,
          lightli_orcish_oven

Skill      XL: |  1  2  3  4  5  6  7  8  9 10 11 12 13 14 15 16 17 18 |
---------------+-------------------------------------------------------+-----
Charms         | 3 4 5 7 8 9 10 11 | 11.7
Maces & Flails | 2 3 4 6 7 8 10 11 12 13 14 15 | 15.2
Fighting       | 3 4 5 6 7 9 10 11 12 13 15 | 15.3
Spellcasting   | 3 5 6 7 9 10 11 12 13 14 15 | 15.0
Dodging        | 3 4 5 6 8 9 10 | 10.6
Hexes          | 1 2 |  2.2
Armour         | 1 3 5 6 7 9 10 | 10.5
Evocations     | 1 |  1.6
Summonings     | 2 3 |  3.3
Invocations    | |  0.3

Action                   |  1- 3 |  4- 6 |  7- 9 | 10-12 | 13-15 | 16-18 || total
-------------------------+-------+-------+-------+-------+-------+-------++-------
Melee: Mace              |   116 |   196 |       |       |       |       ||   312
       Flail             |       |    14 |   326 |   357 |       |       ||   697
       Giant club        |       |       |       |    86 |   748 |   746 ||  1580
Throw: Dart              |     4 |    18 |    15 |     8 |    22 |       ||    67
       Boomerang         |       |       |       |     1 |       |       ||     1
       Large rock        |       |       |       |       |     1 |     2 ||     3
 Cast: Infusion          |     3 |     4 |       |       |     6 |    18 ||    31
       Shroud of Golubri |     5 |    25 |    51 |    92 |   114 |    81 ||   368
       Song of Slaying   |     2 |     6 |     6 |    11 |    12 |     7 ||    44
       Spectral Weapon   |       |     4 |    35 |    70 |   114 |    72 ||   295
       Call Canine Famil |       |       |       |       |    61 |    10 ||    71
Invok: Divine Shield     |       |       |       |     1 |       |       ||     1
Evoke: Wand              |       |       |     1 |    13 |    23 |    18 ||    55
  Use: Potion            |       |     2 |       |     3 |     1 |     4 ||    10
       Scroll            |       |       |     9 |    11 |     8 |    14 ||    42
 Stab: Sleeping          |       |     1 |       |       |       |       ||     1
       Distracted        |       |       |     2 |       |       |       ||     2
  Eat: Chunk             |     1 |     9 |    13 |    20 |    29 |    16 ||    88
       Ration            |       |       |       |       |       |     2 ||     2
Armor: Robe              |    25 |    66 |    51 |    36 |       |       ||   178
       Troll leather arm |       |       |       |    27 |   117 |     8 ||   152
       Gold dragon scale |       |       |       |       |       |   227 ||   227
       Swamp dragon scal |       |       |       |       |       |   207 ||   207
Dodge: Dodged            |    66 |   110 |   208 |   316 |   570 |   670 ||  1940
Block: Other             |       |       |       |     1 |       |       ||     1
